[Event "*** Titled Tuesday Blitz AM"]
[Site "Chess.com"]
[Date "2020.01.07"]
[Round "4"]
[White "enkhtuul"]
[Black "Svet99"]
[Result "1-0"]
[WhiteElo "2342"]
[BlackElo "2139"]
[TimeControl "180+2"]
[EndTime "9:53:40 PST"]
[Termination "enkhtuul won by resignation"]

1. d4 Nf6 2. Nf3 e6 3. g3 b6 4. Bg2 Bb7 5. O-O Be7 6. Bg5 O-O 7. Bxf6 Bxf6 8. Qd3 d5 9. Nbd2 Nd7 10. Rfe1 c5 11.
c3 Be7 12. e4 dxe4 13. Nxe4 cxd4 14. cxd4 Nf6 15. Nxf6+ Bxf6 16. Ng5 Bxg5 17. Bxb7 Rb8 18. Be4 g6 19. h4 Bf6 20. Rad1 Qd6 21. h5 Rfd8 22. d5 exd5 23. Bxd5 Kg7 24. Qe3 Qc5 25.
h6+ Kf8 26. Qf3 Rd6 27. Bb3 Rxd1 28. Rxd1 Qe7 29. Kg2 Re8 30. Ba4 Rd8 31. Rxd8+ Qxd8 32. b3 Bg5 33. Qb7 a5 34. Bc6 Bxh6 35. Bd5 Qf6 36. Bc6 Bd2 37. Qxb6 Bb4 38. Qb8+ Kg7 39. Bf3 Qd4 40. Qb5 Bc5 41. Qe2 Bd6 42. Bc6 Qe5 43. Qf3 Bc5 44. Bd5 Qf6 45. Qe2 Qd4 46. Qf3 f6 47.
Bc4 g5 48. Qb7+ Kh6 49. Qf3 g4 50. Qe2 Kg5 51. Be6 h5 52. Qe1 h4 53. Qc1+ Kg6 54. Qc2+ Kg7 55. gxh4 Qf4 56. Qf5 Qd4 57. Qxg4+ Qxg4+ 58. Bxg4 Kh6 59. f4 Bd6 60. Kf3 Kg6 61. h5+ Kh6 62.
Ke4 Bb4 63. Kf5 Bc3 64. a3 Bb2 65. b4 axb4 66. axb4 Bd4 67. b5 Bb6 68. Kxf6 1-0

[Event "*** Titled Tuesday Blitz AM"]
[Site "Chess.com"]
[Date "2020.01.07"]
[Round "4"]
[White "mazetofonias"]
[Black "sergeikim"]
[Result "1-0"]
[WhiteElo "2694"]
[BlackElo "2444"]
[TimeControl "180+2"]
[EndTime "9:53:41 PST"]
[Termination "mazetofonias won on time"]

1. d4 Nf6 2. c4 g6 3. Nc3 Bg7 4.
e4 d6 5. Be2 O-O 6. Be3 e5 7. d5 a5 8. g4 Na6 9. g5 Ne8 10. h4 Nc5 11. h5 Bd7 12. hxg6 fxg6 13. Bxc5 dxc5 14. Bg4 Nd6 15. Bxd7 Qxd7 16. Qd3 a4 17. f3 Qe7 18. Nh3 Rf7 19. O-O-O Raf8 20. Rdf1 h5 21. gxh6 Bxh6+ 22. Kb1 Rg7 23. Nxa4 b6 24. Nc3 Qd7 25. Nf2 Bf4 26. Ng4 Bg5 27. Qe2 Bf4 28.
Nb5 Rff7 29. Rh3 Qe7 30. Rfh1 Rh7 31. Nxd6 cxd6 32. Qg2 Qg5 33. Rxh7 Rxh7 34. Rxh7 Kxh7 35. Qh1+ Kg7 36. Kc2 Bd2 37. Qg2 Ba5 38. Qe2 Qf4 39. a3 Qg3 40. Kb3 Qg1 41. Ka4 Qb1 42. Kb5 Qa2 43. Qc2 Qa1 44. Nf2 Qf1 45. Nd3 Qxf3 46. b4 Qxe4 47. bxa5 bxa5 48. Kxa5 Qd4 49. Nf2 Qa1 50. a4 Qa3 51. Qd2 1-0

[Event "*** Titled Tuesday Blitz AM"]
[Site "Chess.com"]
[Date "2020.01.07"]
[Round "4"]
[White "viditchess"]
[Black "VladDobrov"]
[Result "0-1"]
[WhiteElo "2979"]
[BlackElo "2833"]
[TimeControl "180+2"]
[EndTime "9:53:42 PST"]
[Termination "VladDobrov won by resignation"]

1. c4 c6 2. d4 d5 3. Nf3 Nf6 4. e3 e6 5. b3 Nbd7 6. Bd3 Bd6 7.
Bb2 Ne4 8. O-O f5 9. Ba3 Bxa3 10. Nxa3 O-O 11. b4 a5 12. b5 c5 13. cxd5 exd5 14. dxc5 Ndxc5 15. Rc1 b6 16. Bb1 f4 17. exf4 Rxf4 18.
Nd4 Qd6 19. Nc6 Be6 20. g3 Rf6 21. f4 Bh3 22. Qxd5+ Qxd5 23. Ne7+ Kf7 24. Nxd5 Rd6 25. Rfd1 Rad8 26. Ne3 Nd2 27. Bc2 Be6 28. Ra1 g6 29. Kf2 Nde4+ 30. Kf3 Nc3 31. Rxd6 Rxd6 32. Nac4 Rd4 33.
Nxb6 Nxa2 34. g4 a4 35. f5 gxf5 36. gxf5 Bb3 37. Nc8 Nb4 38. Bb1 h5 39. b6 Rd7 40.
Be4 Nxe4 41. Kxe4 Ke8 42. Ke5 Kd8 43. Na7 Rb7 44. Kd4 Rxb6 45. Kc5 Rb7 46. Nb5 Nd3+ 47. Kc6 Re7 48. Nd5 Re5 49. Nb6 Nb4+ 50. Kd6 Rxb5 51. Nxa4 Rd5+ 52. Ke6 Ra5+ 0-1

[Event "*** Titled Tuesday Blitz AM"]
[Site "Chess.com"]
[Date "2020.01.07"]
[Round "4"]
[White "karinachess1"]
[Black "Witik"]
[Result "1/2-1/2"]
[WhiteElo "2477"]
[BlackElo "2666"]
[TimeControl "180+2"]
[EndTime "9:53:42 PST"]
[Termination "Game drawn by stalemate"]

1. c4 e5 2. Nc3 Bb4 3. Qc2 c6 4. a3 Ba5 5. Nf3 Qe7 6. b4 Bc7 7. Bb2 Nf6 8. d3 O-O 9. g3 a6 10. c5 a5 11. Bg2 Na6 12. Qb3 axb4 13. axb4 d6 14. cxd6 Bxd6 15. b5 Nc5 16. Qc2 Rxa1+ 17. Bxa1 Be6 18. O-O Nb3 19. bxc6 bxc6 20. Bb2 Nd4 21.
Nxd4 exd4 22. Ne4 Nxe4 23. Bxe4 c5 24. Ra1 Bh3 25. Bc1 Kh8 26. Bd2 f5 27. Bf3 f4 28.
Qc4 fxg3 29. hxg3 h6 30. Qd5 Be6 31. Qe4 Qf7 32. Ra8 Bf5 33. Rxf8+ Qxf8 34. Qa8 Qxa8 35. Bxa8 Kg8 36. Bd5+ Kf8 37. Kg2 Ke7 38. f3 Be6 39. Bxe6 Kxe6 40. g4 Kd5 41. Bc1 c4 42. dxc4+ Kxc4 43. g5 h5 44. g6 Kd5 45. Bg5 Ke6 46. e4 dxe3 47. Bxe3 Kf5 48. Bd4 Kxg6 49.
Bxg7 Kxg7 50. f4 Kf6 51. Kh1 Kf5 52. Kg2 Be7 53. Kh1 h4 54. Kg2 Bf6 55. Kh1 Kg4 56. Kg2 h3+ 57. Kh1 Kg3 58. f5 Kg4 59. Kh2 Be5+ 60.
Kh1 Kxf5 61. Kg1 Kg4 62. Kh1 Kg3 63. Kg1 h2+ 64. Kh1 Kf2 1/2-1/2

[Event "*** Titled Tuesday Blitz AM"]
[Site "Chess.com"]
[Date "2020.01.07"]
[Round "4"]
[White "mbojan"]
[Black "Msb2"]
[Result "0-1"]
[WhiteElo "2705"]
[BlackElo "2871"]
[TimeControl "180+2"]
[EndTime "9:53:43 PST"]
[Termination "Msb2 won by resignation"]

1. e4 c6 2. d4 d5 3. Nc3 dxe4 4. Nxe4 Nf6 5. Nxf6+ exf6 6. c3 Bf5 7. Ne2 Bd6 8. Ng3 Bg6 9. Bc4 O-O 10. O-O Nd7 11. Qf3 Qc7 12. Be3 Rae8 13. Rad1 Re7 14. h4 Bxg3 15.
fxg3 h5 16. Bf4 Qb6 17. Bd6 Ne5 18. Qe2 Ree8 19. Bxf8 Kxf8 20. Rde1 Rc8 21. Kh1 Nxc4 22. Qxc4 Qxb2 23. Qb3 Qxb3 24. axb3 c5 25. dxc5 Rxc5 26.
c4 b5 27. Rc1 Bd3 28. Rf3 Be4 29. Rfc3 f5 30. Re3 g6 31. Ree1 a5 32. Kg1 Kg7 33. Kf2 bxc4 34. bxc4 a4 35. Re3 Kf6 36. Ra3 Bc6 37. Ke3 Ke5 38. Kd3 f4 39. gxf4+ Kxf4 40. Rf1+ Kg4 41. Rxf7 Kxh4 42. Kd4 Rg5 43. Rh3+ Kg4 44.
Rf6 Bxg2 45. Ra3 h4 46. Ke3 Kg3 47. Ke2+ Kh2 48. Rxa4 h3 49. Kf2 Be4 50. c5 Rg2+ 51.
Ke3 Bf5 52. Rc4 Kg3 53. Rf8 h2 54. Rh8 Bh3 55. Rch4 h1=Q 56. Rxh3+ Qxh3 57. Rxh3+ Kxh3 58. Kf4 g5+ 59. Kf5 g4 60. c6 Rc2 61. c7 Rxc7 0-1

[Event "*** Titled Tuesday Blitz AM"]
[Site "Chess.com"]
[Date "2020.01.07"]
[Round "4"]
[White "Rap_woyska"]
[Black "Mikhail_Golubev"]
[Result "0-1"]
[WhiteElo "2356"]
[BlackElo "2573"]
[TimeControl "180+2"]
[EndTime "9:53:49 PST"]
[Termination "Mikhail_Golubev won on time"]

1. c4 g6 2. Nf3 Bg7 3. Nc3 d6 4. d4 Nf6 5. g3 O-O 6. Bg2 Nc6 7. O-O Bf5 8. d5 Na5 9. Nd4 Bd7 10. b3 c5 11.
dxc6 bxc6 12. Bb2 Rb8 13. Qd2 Ng4 14. h3 Ne5 15. Rfd1 Naxc4 16. Qc2 Nxb2 17. Qxb2 c5 18.
Nc2 Nc4 19. Qc1 Bxc3 20. bxc4 Bxa1 21. Qxa1 Be6 22. Ne3 Qb6 23. Qc3 Qb2 24. Qa5 Qb6 25. Qc3 Qb4 26. Qd3 Qa5 27. Rd2 Rb4 28. h4 Ra4 29. Qc2 Ra3 30. h5 Rb8 31. h6 Qc3 32. Qd1 Ra6 33. Rc2 Qd4 34. Rd2 Qe5 35. Qc2 Rab6 36. Qa4 Rb1+ 37. Nf1 Qg5 38. Rc2 Qxh6 39. Qxa7 Qg5 40. a4 Qf6 41. a5 Qa1 42. a6 Rxf1+ 43. Bxf1 Rb1 44. Qa8+ Kg7 45. Qg2 Qxa6 46. f3 Bxc4 47.
Qf2 Qc6 48. Kg2 Qd5 49. Qe3 Qd1 50. Qc3+ f6 0-1

[Event "*** Titled Tuesday Blitz AM"]
[Site "Chess.com"]
[Date "2020.01.07"]
[Round "4"]
[White "Artem_Ilyin"]
[Black "Hikaru"]
[Result "1/2-1/2"]
[WhiteElo "2538"]
[BlackElo "3158"]
[TimeControl "180+2"]
[EndTime "9:53:51 PST"]
[Termination "Game drawn by repetition"]

1. d4 b6 2. e4 e6 3. Nf3 Bb7 4.
Bd3 d5 5. e5 c5 6. c3 Ne7 7. Qe2 Qc8 8. Na3 Ba6 9. Nb5 Nec6 10. a4 Na5 11. Bf4 Nb3 12. Rd1 c4 13. Bc2 Bxb5 14. axb5 a5 15. bxa6 Na5 16. O-O Rxa6 17.
Bc1 h6 18. h4 b5 19. h5 b4 20. Nh2 bxc3 21. bxc3 Nb3 22. Bxb3 cxb3 23. Qb5+ Rc6 24.
Bd2 Nd7 25. Qxb3 Nb6 26. Ng4 Be7 27. Qb5 O-O 28. Qd3 Nc4 29. Bc1 Kh8 30. f4 f5 31.
exf6 Bxf6 32. Ne5 Rd8 33. Nxc6 Qxc6 34. f5 e5 35. dxe5 Nxe5 36. Qg3 Rc8 37. Bf4 Nc4 38. Rfe1 Qa4 39. Rxd5 Nb2 40. Rd6 Bxc3 41. Bxh6 Qa7+ 42. Be3 Qf7 43. Red1 Bf6 44. Rd7 Qxh5 45. Rf1 Rc4 46. Bf4 Qxf5 47. Qh3+ Qxh3 48. gxh3 Re4 49. Kg2 Nc4 50.
Kf3 Re8 51. Rfd1 Rf8 52. Kg4 Kh7 53. Rc7 Ne5+ 54. Bxe5 Bxe5 55. Re7 Bf6 56. Rb7 Ra8 57. Rdd7 Kg6 58. Rd5 Ra3 59. Rbb5 Ra4+ 60. Kg3 Ra3+ 61.
Kg4 Ra4+ 62. Kg3 Kh6 63. Rh5+ Kg6 64. Rhd5 1/2-1/2

[Event "*** Titled Tuesday Blitz AM"]
[Site "Chess.com"]
[Date "2020.01.07"]
[Round "4"]
[White "angryhorse9"]
[Black "Usurpov"]
[Result "0-1"]
[WhiteElo "2252"]
[BlackElo "2537"]
[TimeControl "180+2"]
[EndTime "9:53:56 PST"]
[Termination "Usurpov won on time"]

1. c4 Nf6 2. Nf3 g6 3. d4 Bg7 4. Nc3 d5 5. Bf4 O-O 6. e3 c5 7. dxc5 Ne4 8. Be5 Nxc3 9. Bxc3 Bxc3+ 10. bxc3 Qa5 11. Qb3 dxc4 12. Bxc4 Nd7 13. c6 bxc6 14. O-O Rb8 15. Qc2 Nc5 16. Nd2 Bf5 17. e4 Be6 18.
Bxe6 Nxe6 19. f4 Rfd8 20. f5 Qc5+ 21. Kh1 Nd4 22. Qc1 Ne2 23. Qe1 Qxc3 24. Rd1 Nd4 25. Qf2 gxf5 26. exf5 Nb5 27. Ne4 Qg7 28. f6 exf6 29.
Nxf6+ Kh8 30. Rxd8+ Rxd8 31. Nh5 Qe5 32. Qxf7 Nd6 33.
Qf3 c5 34. Nf4 c4 35. Qh3 Qf5 36. Qc3+ Kg8 37. h3 Rf8 38. Rf3 Qe4 39. Rg3+ Kf7 40.
Rg7+ Ke8 41. Qa3 Rf7 42. Rg8+ Ke7 43. Qxa7+ Kf6 44. Nh5+ Ke5 45. Qc5+ Qd5 46. Rg5+ Nf5 47. Qe3+ Qe4 0-1

[Event "*** Titled Tuesday Blitz AM"]
[Site "Chess.com"]
[Date "2020.01.07"]
[Round "4"]
[White "PIwan"]
[Black "Kirill_Klukin"]
[Result "0-1"]
[WhiteElo "2520"]
[BlackElo "2702"]
[TimeControl "180+2"]
[EndTime "9:53:58 PST"]
[Termination "Kirill_Klukin won by resignation"]

1. c4 e5 2. Nc3 Nf6 3. Nf3 Nc6 4. e3 d6 5. d4 Bg4 6. d5 Nb8 7.
Qb3 Qc8 8. e4 Nbd7 9. Be3 Be7 10. Be2 O-O 11. h3 Bh5 12. g4 Bg6 13. Nd2 b6 14. O-O-O Nc5 15. Qc2 a5 16. f3 Nfd7 17.
h4 h6 18. Rdg1 Qd8 19. Nb5 Na6 20. g5 h5 21. a3 Qc8 22. Kb1 c6 23. Nc3 Re8 24.
dxc6 Qxc6 25. Nd5 Bf8 26. Nf1 Nc7 27. Nc3 Ne6 28. Qd2 Ndc5 29. Ng3 Nb3 30. Qd1 Nbd4 31. Bd3 Rac8 32. Nf5 Qd7 33. Nd5 Rb8 34. Bxd4 exd4 35. f4 Nc5 36. Re1 Nxe4 37. Ka1 Bxf5 38. Rhg1 Nc5 39. Nf6+ gxf6 40. gxf6+ Bg6 41. Bxg6 fxg6 42.
Rxg6+ Kh8 43. Qxh5+ Qh7 44. Qxh7+ Kxh7 45. Reg1 Bh6 46. f5 Rf8 47. Kb1 Ne4 48. Kc2 Nxf6 49.
Kd3 Rbe8 50. Kxd4 Re4+ 51. Kd3 Rxh4 52. Re1 Rf7 53. Re6 Nd7 54. Kc2 Ne5 55. Rg2 Rxc4+ 56.
Kb1 Rh4 57. Rxd6 Nc4 58. Rc6 Bg7 59. Rxc4 Rxc4 0-1

[Event "*** Titled Tuesday Blitz AM"]
[Site "Chess.com"]
[Date "2020.01.07"]
[Round "4"]
[White "Justmig"]
[Black "M1711"]
[Result "1-0"]
[WhiteElo "2709"]
[BlackElo "2527"]
[TimeControl "180+2"]
[EndTime "9:53:59 PST"]
[Termination "Justmig won by checkmate"]

1. d4 e6 2. Nf3 f5 3. Bg5 Nf6 4. Nbd2 Be7 5. Bxf6 Bxf6 6. e4 fxe4 7. Nxe4 O-O 8. Bd3 Nc6 9. c3 d6 10. Qe2 e5 11. dxe5 Nxe5 12. Nxe5 Bxe5 13. O-O-O Qh4 14. g3 Qg4 15. Qc2 Kh8 16. f4 Bf6 17. h3 Qh5 18. g4 Qh4 19. Kb1 Bd7 20. Rde1 Bc6 21. Rhf1 Rae8 22. Qf2 d5 23. Ng3 Be7 24. Nf5 Qxf2 25.
Rxf2 Bc5 26. Rfe2 g6 27. Rxe8 Rxe8 28. Rxe8+ Bxe8 29. Nd4 Bd7 30. Kc2 Kg7 31. Kd2 Be7 32.
Nf3 Bd6 33. Ke3 Kf6 34. g5+ Ke7 35. h4 c5 36. h5 gxh5 37. Bxh7 Kf7 38. Bd3 Bg4 39. Nh4 Be7 40. c4 d4+ 41. Ke4 Bh3 42. Ke5 Bg4 43. b3 a6 44. a3 Bf8 45. f5 Be7 46. f6 Bd8 47. g6+ Kf8 48. g7+ Kg8 49.
Bg6 Bd7 50. Nf3 Bc7+ 51. Kd5 Bc6+ 52. Ke6 Bd7+ 53. Kxd7 Be5 54. Ke7 Bxf6+ 55. Kxf6 h4 56. Bf7+ Kh7 57. g8=Q+ Kh6 58. Qg6# 1-0

[Event "*** Titled Tuesday Blitz AM"]
[Site "Chess.com"]
[Date "2020.01.07"]
[Round "4"]
[White "Sven_Tica"]
[Black "SergeyShtyka"]
[Result "1-0"]
[WhiteElo "2658"]
[BlackElo "2313"]
[TimeControl "180+2"]
[EndTime "9:54:00 PST"]
[Termination "Sven_Tica won by checkmate"]

1. d4 c5 2. d5 e5 3. c4 d6 4. Nc3 Be7 5. Nf3 Nf6 6. e4 Bg4 7. Be2 Bxf3 8. Bxf3 O-O 9. Be3 Nbd7 10. Qd2 a6 11. h4 Ne8 12. g3 Nc7 13. Be2 b5 14. cxb5 axb5 15. Nxb5 Nxb5 16. Bxb5 Nb6 17. a4 Qc7 18. Kf1 Rfb8 19. Kg2 Nc8 20. Rhc1 Na7 21. Bd3 Bd8 22. Qc2 Qb7 23. Ra2 Ba5 24. Bc4 Bb4 25.
b3 Nc8 26. Rca1 Nb6 27. Bb5 Ra7 28. Bc6 Qc7 29. Qd3 Nc8 30. Bb5 Ne7 31. f4 exf4 32. gxf4 Rd8 33. Kf3 f5 34. Rg2 fxe4+ 35. Qxe4 Rf8 36.
Qe6+ Kh8 37. Rg5 Ng6 38. Rh1 Raa8 39. Rh5 Rf6 40. Qe4 Raf8 41. Bd3 Qf7 42. Rxh7+ Kxh7 43. h5 Rxf4+ 44. Bxf4 Qxf4+ 45. Qxf4 Rxf4+ 46. Ke3 Rf8 47. hxg6+ Kg8 48. Bb5 Rf6 49. Be8 Kf8 50. Bf7 Ke7 51. Rh8 Bc3 52. Kd3 Bd4 53. Rh3 Rf1 54. Kc4 Kd7 55. Kb5 Kc7 56. Rd3 Rb1 57. a5 Ra1 58. Rf3 Ra3 59. Be6 Be5 60. Rf7+ Kb8 61. Rf3 Kc7 62. a6 Bd4 63. Rf7+ Kb8 64. Rf8+ Kc7 65.
Rc8# 1-0

[Event "*** Titled Tuesday Blitz AM"]
[Site "Chess.com"]
[Date "2020.01.07"]
[Round "4"]
[White "lestri"]
[Black "Oleksandr_Bortnyk"]
[Result "1/2-1/2"]
[WhiteElo "2632"]
[BlackElo "2998"]
[TimeControl "180+2"]
[EndTime "9:54:02 PST"]
[Termination "Game drawn - insufficient material"]

1. c4 b6 2. Nc3 Bb7 3. d4 e6 4. e4 Bb4 5. Qc2 Nc6 6. Nf3 Nge7 7.
d5 Na5 8. a3 Bxc3+ 9. Qxc3 O-O 10. b4 exd5 11. cxd5 Re8 12. Be2 Bxd5 13. exd5 Nxd5 14.
Qd4 Nb3 15. Qxd5 Nxa1 16. Bg5 Qc8 17. Qa2 Qa6 18. Be3 Qxa3 19. Qxa3 Nc2+ 20. Kd2 Nxa3 21. Ra1 a5 22. Rxa3 axb4 23. Rxa8 Rxa8 24. Bc4 d5 25. Bd3 c5 26. Bb5 Ra2+ 27. Kd3 b3 28. Kc3 c4 29. Nd4 b2 30. Kc2 c3 31. Ne2 b1=Q+ 32. Kxb1 Rb2+ 33. Kc1 Rxb5 34. Nxc3 Rb4 35. Nxd5 Rh4 36. h3 b5 37. Kb2 f6 38. Nc3 b4 39. Nd5 Re4 40. Kb3 f5 41. Nxb4 f4 42.
Bc5 f3 43. g3 g5 44. Kc3 Kf7 45. Kd3 Re8 46. g4 Kg6 47. Nc2 h5 48. Nd4 Re1 49. Nxf3 Rh1 50. gxh5+ Kxh5 51. Ke4 Rxh3 52. Bd6 Rh1 53.
Be7 g4 54. Ne5 Rf1 55. Bc5 Kh4 56. Be3 Kh3 57. Ng6 Ra1 58. Nf4+ Kh4 59. Ne2 Ra4+ 60. Bd4 Kh3 61. Nf4+ Kh2 62. Nh5 Kg2 63. Nf6 g3 64. fxg3 Kxg3 65. Nd5 Rxd4+ 66. Kxd4 1/2-1/2

[Event "*** Titled Tuesday Blitz AM"]
[Site "Chess.com"]
[Date "2020.01.07"]
[Round "4"]
[White "AleksibFan"]
[Black "NemtsevIgor"]
[Result "0-1"]
[WhiteElo "2578"]
[BlackElo "2375"]
[TimeControl "180+2"]
[EndTime "9:54:10 PST"]
[Termination "NemtsevIgor won on time"]

1. d4 Nf6 2. Bg5 g6 3. Bxf6 exf6 4. e3 Bg7 5. g3 f5 6. Bg2 O-O 7. Ne2 d6 8. O-O Nd7 9. c4 Nf6 10. Nbc3 c6 11. b4 Re8 12. Qd3 Qe7 13. Rab1 Ne4 14.
b5 h5 15. Rfe1 h4 16. f3 Nxc3 17. Nxc3 hxg3 18. hxg3 Qg5 19. Kf2 Bd7 20. bxc6 bxc6 21. f4 Qe7 22. Rb7 Reb8 23. Bxc6 Rxb7 24. Bxb7 Rb8 25.
Bf3 Be6 26. Rb1 Qc7 27. Nd5 Bxd5 28. Bxd5 Bf6 29. g4 Rxb1 30. Qxb1 Qb6 31. Qxb6 axb6 32. g5 Be7 33. Ke2 Kf8 34. Kd3 f6 35. gxf6 Bxf6 36. Bc6 Ke7 37. a4 g5 38. fxg5 Bxg5 39. Bb7 Bh4 40.
Bc8 Kf6 41. Ke2 Bg5 42. Kf3 Bh6 43. Bd7 Bf8 44. Bc8 Bh6 45. c5 dxc5 46. dxc5 bxc5 47. a5 c4 48. a6 c3 49. a7 c2 50. a8=Q c1=Q 51. Qa6+ Kg7 52. Bxf5 Qxe3+ 53. Kg2 Qg5+ 54. Kf1 Qxf5+ 55. Kg2 Bf4 56. Kg1 Qg4+ 57. Kf1 Qf3+ 0-1

[Event "*** Titled Tuesday Blitz AM"]
[Site "Chess.com"]
[Date "2020.01.07"]
[Round "4"]
[White "nihalsarin"]
[Black "Gabrielian_Artur"]
[Result "1-0"]
[WhiteElo "3067"]
[BlackElo "2815"]
[TimeControl "180+2"]
[EndTime "9:54:11 PST"]
[Termination "nihalsarin won by resignation"]

1. c4 Nf6 2. Nf3 g6 3. Nc3 Bg7 4. g3 O-O 5. Bg2 d6 6. O-O e5 7. d3 Nc6 8. Rb1 a5 9. a3 Re8 10. Bg5 h6 11. Bxf6 Bxf6 12. b4 axb4 13. axb4 Bg7 14.
b5 Nd4 15. e3 Ne6 16. Nd2 Nc5 17. Nde4 Nxe4 18. Bxe4 h5 19. h4 Bg4 20. Bf3 Qd7 21.
Nd5 Ra3 22. Bxg4 hxg4 23. Rb3 Ra2 24. Nc3 Raa8 25. Nd5 Ra2 26. Nc3 Raa8 27. Qe2 Ra5 28.
Rbb1 Rea8 29. Rfc1 Kh7 30. Kg2 Qf5 31. e4 Qd7 32.
Rh1 Ra3 33. Nd5 Ra2 34. Rb2 Rxb2 35. Qxb2 Kg8 36. h5 Rf8 37. h6 Bh8 38. h7+ Kg7 39. Qd2 f6 40. Qh6+ Kf7 41. Ra1 Bg7 42. Qe3 Rh8 43. Ra7 Qc8 44. c5 dxc5 45. Qxc5 Rxh7 46.
Qe7+ Kg8 47. Nxf6+ Bxf6 48. Qxf6 Qf8 49. Qxf8+ Kxf8 50. Rxb7 Re7 51. Kf1 Ke8 52. Ke2 Kd8 53. Ke3 Rf7 54.
b6 Rf3+ 55. Ke2 cxb6 56. Rxb6 1-0

[Event "*** Titled Tuesday Blitz AM"]
[Site "Chess.com"]
[Date "2020.01.07"]
[Round "4"]
[White "Bulldog167"]
[Black "AminMolaei"]
[Result "0-1"]
[WhiteElo "2713"]
[BlackElo "2560"]
[TimeControl "180+2"]
[EndTime "9:54:12 PST"]
[Termination "AminMolaei won by resignation"]

1. d4 Nf6 2. c4 e6 3. Nf3 d5 4. Nc3 dxc4 5. e4 b5 6. e5 Nd5 7. Nxb5 Nb6 8. g3 Bb7 9. Bg2 Be7 10.
O-O O-O 11. Be3 Nc6 12. Rc1 Nb4 13. b3 cxb3 14. Qxb3 Bd5 15. Qb1 Bxa2 16. Qe4 Bc4 17. Nc3 Bxf1 18. Bxf1 N6d5 19. Nxd5 Qxd5 20. Qg4 Rfc8 21.
Bh6 Bf8 22. h4 c5 23. h5 Kh8 24. Ng5 Qd7 25. Qe4 f5 26. exf6 gxh6 27. Bb5 Qc7 28.
Nxe6 Qf7 29. dxc5 Qxf6 30. Bd7 Re8 31. Qxb4 Rxe6 32. Bxe6 Qxe6 33. Qb7 Rc8 34. Qxa7 Qc6 35. Qf7 Bxc5 36. Rxc5 Qxc5 37. Qf6+ Kg8 38. Qe6+ Kf8 39. Qxh6+ Ke8 40. Qe6+ Kd8 41. Qg8+ Kd7 42. Qxh7+ Qe7 43. Qf5+ Qe6 44. Qb5+ Ke7 45. Qb7+ Kf6 46. Qf3+ Kg7 47.
Qf4 Re8 48. Qg5+ Kh7 49. Kh2 Rf8 50. f4 Rf5 51. Qg4 Qf7 52. h6 Qh5+ 53. Qxh5 Rxh5+ 54. Kg2 Rxh6 55. Kf3 Ra6 56. Kg4 Kg6 57. Kh4 Kf5 58.
g4+ Kxf4 59. g5 Rg6 60. Kh5 Rxg5+ 61. Kh6 Kf5 0-1

[Event "*** Titled Tuesday Blitz AM"]
[Site "Chess.com"]
[Date "2020.01.07"]
[Round "4"]
[White "enriquetejedor"]
[Black "lucasran"]
[Result "0-1"]
[WhiteElo "2484"]
[BlackElo "2702"]
[TimeControl "180+2"]
[EndTime "9:54:13 PST"]
[Termination "lucasran won by checkmate"]

1. e4 c6 2. Nc3 d5 3. Nf3 Bg4 4. h3 Bxf3 5. Qxf3 Nf6 6. d4 dxe4 7.
Qe3 e6 8. Nxe4 Nbd7 9. Be2 Nxe4 10. Qxe4 Nf6 11. Qd3 Bd6 12. O-O Qc7 13. c4 Bf4 14.
Be3 O-O 15. Rfd1 Rfd8 16. Bxf4 Qxf4 17. Qe3 Qc7 18. a3 Rd7 19. Rd2 Rad8 20. Rad1 Qb6 21.
Bf3 a5 22. Qc3 Qc7 23. g3 Ne8 24. Be4 Nd6 25. Bc2 g6 26. h4 h5 27. b3 b5 28. c5 Ne8 29. Qf3 Kg7 30. Be4 Rc8 31. Re1 Nf6 32. Bxg6 Kxg6 33. Re5 Rd5 34. Rde2 Rcd8 35.
Qd3+ Kg7 36. Qe3 Rxe5 37. dxe5 Nh7 38. Qf3 Qd7 39. Qxh5 Qd1+ 40. Kg2 Rd2 41. Qg4+ Kf8 42. Re4 Qxg4 43. Rxg4 Rd5 44. b4 axb4 45. axb4 Rxe5 46. Rf4 Kg7 47. Rf3 Nf6 48. Ra3 Re4 49. Ra6 Rxb4 50. Rxc6 Rc4 51. Rc8 Nd5 52. f3 b4 53. g4 b3 54. c6 b2 55. Rb8 Nb4 56. c7 b1=Q 57. c8=Q Rxc8 58. Rxc8 Qb2+ 59. Kg3 Nd3 60. h5 Qf2+ 61. Kh3 Nf4# 0-1

[Event "*** Titled Tuesday Blitz AM"]
[Site "Chess.com"]
[Date "2020.01.07"]
[Round "4"]
[White "DrVelja"]
[Black "David_Paravyan"]
[Result "1-0"]
[WhiteElo "2760"]
[BlackElo "2859"]
[TimeControl "180+2"]
[EndTime "9:54:19 PST"]
[Termination "DrVelja won by resignation"]

1. e4 e5 2. Nf3 Nc6 3. Bb5 Nf6 4.
O-O Nxe4 5. Re1 Nd6 6. Nxe5 Be7 7.
Bf1 Nxe5 8. Rxe5 O-O 9. d4 Bf6 10. Re1 Re8 11. Bf4 Rxe1 12. Qxe1 Qe7 13. Qxe7 Bxe7 14.
Nc3 Ne8 15. Re1 Kf8 16. Bd3 h6 17. Nd5 Bd8 18. c4 d6 19. h3 Nf6 20. Nc3 Bd7 21.
b4 Be7 22. c5 a5 23. b5 dxc5 24. dxc5 Bxc5 25. Bxc7 Bb4 26. Rc1 Rc8 27. b6 Bc6 28.
Nb5 Nd5 29. Rxc6 bxc6 30. b7 Re8 31. Nd6 Re1+ 32. Kh2 Nxc7 33. b8=Q+ Ne8 34. Nxe8 Rxe8 35. Qc7 Re6 36. g3 g6 37. Kg2 h5 38. Bc4 Rf6 39. f4 Kg7 40. Qe5 h4 41. g4 Bd6 42.
Qxa5 Bxf4 43. Qc3 Bg5 44. a4 Kg8 45. Qe5 Rf4 46. Qxg5 Rxc4 47. a5 Rc2+ 48. Kf1 Ra2 49. Qc5 Kg7 50. Qd4+ f6 51. Qb6 c5 52. Qxc5 f5 53.
gxf5 gxf5 54. Qxf5 Kh6 55. Qb5 Ra1+ 56. Ke2 Ra2+ 57.
Kd1 Ra3 58. Qc6+ Kg7 59. a6 Kh7 60. Qd7+ Kg6 61. a7 Kg5 62. Qe7+ Kf4 63. Qxa3 1-0

[Event "*** Titled Tuesday Blitz AM"]
[Site "Chess.com"]
[Date "2020.01.07"]
[Round "4"]
[White "GeorgMeier"]
[Black "Sethu0025"]
[Result "1-0"]
[WhiteElo "2970"]
[BlackElo "2807"]
[TimeControl "180+2"]
[EndTime "9:54:20 PST"]
[Termination "GeorgMeier won by resignation"]

1. Nf3 Nf6 2. g3 d5 3. Bg2 c5 4. O-O Nc6 5. d4 e6 6. c4 dxc4 7. dxc5 Qxd1 8. Rxd1 Bxc5 9. Nbd2 c3 10. bxc3 O-O 11.
Nb3 Be7 12. Nfd4 Bd7 13. Bg5 h6 14. Bxf6 Bxf6 15. Nc5 Nxd4 16. cxd4 Bc6 17. Nxb7 Bxb7 18. Bxb7 Rab8 19. Rab1 Rfd8 20. e3 Rd6 21. Rdc1 Bd8 22. a4 g5 23. Kf1 Kg7 24. Ke2 Kf6 25. Rb5 Rb6 26. Rxb6 Bxb6 27. Ba6 Rd8 28. Bb5 h5 29. f4 gxf4 30. gxf4 Rg8 31. Kf3 Ke7 32. Rd1 Rd8 33.
Rg1 Rh8 34. Rg5 Bd8 35. Bc4 Bc7 36. e4 h4 37. d5 exd5 38. Bxd5 Rh7 39. h3 f6 40. Rg8 Kd6 41. Kg4 Ke7 42. Rg6 Bd6 43. Kf5 Rh5+ 44. Kg4 Rh7 45. Rg8 Bc7 46. Rc8 Kd7 47.
Ra8 Rg7+ 48. Kf5 Rg3 49. Rxa7 Rxh3 50. Kxf6 Rf3 51. f5 h3 52. e5 Rd3 53. Ba8 Kc8 54. Bc6 Bb6 55. Rh7 Bd4 56. Rh4 Bb2 57. Ke6 Kc7 58.
Be4 Re3 59. Kd5 Bc3 60. f6 Be1 61. Rh7+ Kb6 62. f7 Bb4 63. Rh8 h2 64. Rxh2 1-0

[Event "*** Titled Tuesday Blitz AM"]
[Site "Chess.com"]
[Date "2020.01.07"]
[Round "4"]
[White "Mr_Sinigami"]
[Black "TrimitziosP7"]
[Result "1/2-1/2"]
[WhiteElo "2548"]
[BlackElo "2715"]
[TimeControl "180+2"]
[EndTime "9:54:20 PST"]
[Termination "Game drawn by repetition"]

1. d4 d5 2. Nf3 Nf6 3. Bf4 c6 4. e3 Bf5 5. c4 e6 6. Nc3 Nbd7 7. h3 h6 8. Be2 Be7 9. O-O O-O 10. Qb3 b6 11. Rac1 dxc4 12. Bxc4 b5 13. Be2 a6 14. a4 b4 15. Na2 c5 16. Rfd1 Qb6 17. dxc5 Bxc5 18.
Ne5 Nxe5 19. Bxe5 Rad8 20. Qc4 Rxd1+ 21. Rxd1 a5 22. Bxf6 gxf6 23. Nc1 Be7 24. Nb3 Rd8 25. Rxd8+ Bxd8 26. Bd3 Bxd3 27. Qxd3 Bc7 28. Qd4 Qc6 29. g3 Qxa4 30. Nc5 Qc6 31. Nd7 Be5 32. Nxf6+ Bxf6 33. Qxf6 Qc5 34. Qxh6 a4 35. Qf6 a3 36.
bxa3 bxa3 37. Qd8+ Kg7 38. Qa8 Qb4 39. Qd8 Qb1+ 40. Kh2 Qb5 41. Qa8 Qb2 42. Qe4 Qxf2+ 43. Kh1 a2 44. Qg4+ Kf8 45. Qb4+ Ke8 46. Qb5+ Ke7 47. Qb4+ Kf6 48. Qh4+ Kg6 49. Qg4+ Kh7 50. Qh4+ Kg8 51. Qg5+ Kf8 52. Qd8+ Kg7 53. Qg5+ Kh7 54. Qh5+ Kg7 55. Qg5+ Kf8 56. Qd8+ Kg7 57. Qg5+ 1/2-1/2

[Event "*** Titled Tuesday Blitz AM"]
[Site "Chess.com"]
[Date "2020.01.07"]
[Round "4"]
[White "GMBenjaminBok"]
[Black "Anna_ChessMate"]
[Result "1-0"]
[WhiteElo "2869"]
[BlackElo "2586"]
[TimeControl "180+2"]
[EndTime "9:54:23 PST"]
[Termination "GMBenjaminBok won by resignation"]

1. Nf3 d5 2. g3 c6 3. Bg2 Bf5 4. c4 e6 5. Qb3 Qc8 6. O-O Nd7 7. d3 Ngf6 8. Nc3 Be7 9. cxd5 exd5 10. Be3 O-O 11.
Rac1 Re8 12. Nd4 Bg6 13. Nxd5 Nxd5 14. Bxd5 Nc5 15. Qd1 cxd5 16. b4 b6 17. Nb3 Qh3 18. bxc5 bxc5 19. Bxc5 Bg5 20. f4 Bf6 21. Bd4 Bh5 22. Rf2 Qe6 23. Bxf6 Qxf6 24. Qd2 Qb6 25. Kg2 a5 26. h3 a4 27. Nc5 f6 28. g4 Bf7 29. d4 Re7 30. e3 h5 31. Rc3 a3 32.
Rb3 Qd6 33. Qd1 Rae8 34. Qc1 Be6 35. f5 Bf7 36. Rxa3 h4 37. Rf4 g5 38. Rf3 Kg7 39. Ra6 Qb8 40. a4 Qb4 41. a5 Rb8 42. Ne6+ Kg8 43.
Rb6 Rxb6 44. axb6 Qxb6 45. Qc5 Rb7 46. Qxb6 Rxb6 47. Nc5 Be8 48. Rf2 Kf7 49. Ra2 Ke7 50.
Ra7+ Kd6 51. Ra6 Rxa6 52. Nxa6 Kc6 53. Nc5 Kd6 54. Kf2 Bb5 55. e4 Bc6 56. Ke3 Bb5 57.
exd5 Kxd5 58. Ne4 Bf1 59. Nxf6+ Kd6 60. Ne4+ Kd5 61. Nxg5 Kd6 62. Kf2 Bd3 63. Nf3 Kd5 64. Nxh4 Kxd4 65. Nf3+ Ke4 66. Kg3 Be2 67. Ng5+ Ke5 68.
h4 Kf6 69. Kf4 1-0